 Dungeon Crawl Stone Soup version 0.18-a0-1639-g7533f42 (webtiles) character file.

2904 syage the Cleaver (level 9, -1/83 HPs)
             Began as a Minotaur Fighter on Mar 27, 2016.
             Was a Believer of Okawaru.
             Slain by Erolcha
             ... wielding a +0 giant spiked club
              (12 damage)
             ... on level 8 of the Dungeon.
             The game lasted 00:26:40 (5053 turns).

syage the Cleaver (Minotaur Fighter)                Turns: 5053, Time: 00:26:40

Health: -1/83      AC: 14    Str: 25    XL:     9   Next: 49%
Magic:  8/8        EV: 11    Int:  5    God:    Okawaru [**....]
Gold:   317        SH:  0    Dex:  9    Spells: 0 memorised, 8 levels left

rFire  x . .     SeeInvis .     P - +2 battleaxe
rCold  + . .     Gourm    .     F - quicksilver dragon armour
rNeg   . . .     Faith    .     (shield currently unavailable)
rPois  .         Spirit   .     (helmet restricted)
rElec  .         Dismiss  .     S - +0 cloak (curse)
rCorr  .         Reflect  .     (no gloves)
SustAt .         Harm     .     (no boots)
MR     +....                    (no amulet)
Stlth  +.........               L - ring of ice
                                y - ring of flight

@: somewhat resistant to hostile enchantments, very unstealthy
A: retaliatory headbutt, horns 2
a: Heroism, Renounce Religion, Evoke Flight


You were on level 8 of the Dungeon.
You worshipped Okawaru.
Okawaru was pleased with you.
You were very hungry.

You visited 2 branches of the dungeon, and saw 9 of its levels.

You collected 317 gold pieces.

Inventory:

Hand Weapons
 a - a +0 war axe
 M - a cursed -2 short sword
 P - a +2 battleaxe (weapon)
 R - a +2 quarterstaff of chaos
 T - a +1 whip of flaming
Missiles
 D - 2 javelins (quivered)
 J - 6 tomahawks
Armour
 b - a +0 scale mail
 c - a +1 shield
 o - a cursed +0 robe
 r - a +1 ring mail of poison resistance
 t - a +1 helmet
 F - a quicksilver dragon armour (worn)
 N - a +0 leather armour of positive energy
 S - a cursed +0 cloak (worn)
Jewellery
 y - a ring of flight (left hand)
 L - a ring of ice (right hand)
Wands
 s - a wand of paralysis (2/24)
 B - a wand of teleportation (4/9)
 E - a wand of lightning (6/15)
 K - a wand of polymorph (16/24)
Scrolls
 h - 5 scrolls of remove curse
 i - 6 scrolls of identify
 j - a scroll of magic mapping
 n - 3 scrolls of enchant armour
 A - a scroll of noise {unknown}
 G - a scroll of teleportation {unknown}
 H - a scroll of amnesia {unknown}
Potions
 d - 2 potions of might
 e - a potion of resistance {unknown}
 k - 2 potions of flight {unknown}
 l - 4 potions of haste
 m - a potion of cancellation {unknown}
 p - a potion of curing {unknown}
 q - 5 potions of heal wounds {unknown}
 u - 2 potions of degeneration {unknown}
 z - 4 potions of brilliance {unknown}
 C - a potion of invisibility {unknown}
 I - a potion of ambrosia {unknown}
Books
 O - a book of Maledictions

   Spells                             Type                      Level
   a - Corona                         Hexes                        1
   b - Ensorcelled Hibernation        Hexes/Ice                    2
   c - Confuse                        Hexes                        3
   d - Tukima's Dance                 Hexes                        3
   e - Dazzling Spray                 Conjuration/Hexes            3
 Q - a book of Maledictions

   Spells                             Type                      Level
   a - Corona                         Hexes                        1
   b - Ensorcelled Hibernation        Hexes/Ice                    2
   c - Confuse                        Hexes                        3
   d - Tukima's Dance                 Hexes                        3
   e - Dazzling Spray                 Conjuration/Hexes            3
Comestibles
 f - 5 bread rations
 g - 4 fruits
 v - 2 slices of pizza
 w - 4 meat rations
 x - 3 beef jerkies


   Skills:
 + Level 9.1 Fighting
 + Level 10.2 Axes
 + Level 9.0 Armour
 - Level 2.8 Dodging
 - Level 0.5 Stealth
 - Level 3.6 Shields


You had 8 spell levels left.
You didn't know any spells.

Dungeon Overview and Level Annotations

Branches:
Dungeon (8/15)             Temple (1/1) D:6
   Lair: D:8-11

Altars:
Ashenzari
Cheibriados
Dithmenos
Elyvilon
Kikubaaqudgha
Makhleb
Nemelex Xobeh
Okawaru
Pakellas
Qazlal
Ru
Sif Muna
Trog
Vehumet
Xom
Yredelemnul
Zin
The Shining One

Annotations:
D:8 Erolcha


Innate Abilities, Weirdness & Mutations

You reflexively headbutt those who attack you in melee.
You have a pair of horns on your head.


Message History

You resist with almost no effort. Erolcha gestures at you while chanting.
The bolt of lightning hits you! Erolcha closely misses you.
You slash Erolcha!
Erolcha is lightly wounded.
Erolcha points at you and mumbles some strange words.
The magic dart hits you! Erolcha barely misses you.
You hit Erolcha but do no damage.
Erolcha is lightly wounded.
Erolcha hits you with a giant spiked club!
You slash Erolcha!
Erolcha is moderately wounded.
Erolcha hits you with a giant spiked club!!
You slash Erolcha! Your headbutt misses Erolcha.
Erolcha is severely wounded.
Erolcha hits you with a giant spiked club!
* * * LOW HITPOINT WARNING * * *
Erolcha hits you with a giant spiked club!
You die...

....#... .......
#.....
###+##..##
+........#
#.......<#
###.###.##
#####O#####
+....@..# .
#..[....## ....
#####....#
#......#.##.####
#......#.....#
#......#.†...#
###......##)####
..........†()..#
...............#


You could see Erolcha.

Vanquished Creatures
  Pikel (D:7)
  A hippogriff (D:7)
  2 ice beasts (D:7)
  A black bear (D:6)
  A sky beast (D:7)
  A necrophage (D:7)
  3 phantoms
  5 centaurs
  3 ogres
  3 big kobolds
  3 wights (D:6)
  A howler monkey (D:7)
  3 crimson imps
  A giant frog zombie (D:7)
  2 jellies (D:6)
  Crazy Yiuf (D:7)
  3 orc wizards (D:5)
  Natasha (D:2)
  Ijyb (D:2)
  3 worker ants
  Robin (D:2)
  5 adders
  2 adder skeletons
  A worm (D:2)
  2 dart slugs (D:2)
  4 giant geckos
  7 orcs
  5 giant cockroaches
  19 hobgoblins
  25 kobolds
  6 quokkas
  A ball python (D:2)
  2 bats (D:2)
  9 giant newts
  16 goblins
  A quokka skeleton (D:3)
  5 rats
151 creatures vanquished.

Vanquished Creatures (others)
  An orc priest (D:7)
  An adder (D:7)
2 creatures vanquished.

Grand Total: 153 creatures vanquished

Notes
Turn   | Place    | Note
--------------------------------------------------------------
     0 | D:1      | syage the Minotaur Fighter began the quest for the Orb.
     0 | D:1      | Reached XP level 1. HP: 19/19 MP: 0/0
    93 | D:1      | Reached XP level 2. HP: 25/27 MP: 1/1
   462 | D:2      | Reached XP level 3. HP: 33/33 MP: 2/2
   597 | D:2      | Noticed Robin
   603 | D:2      | Noticed Ijyb
   609 | D:2      | Killed Robin
   609 | D:2      | Reached skill level 3 in Axes
   611 | D:2      | Paralysed by Ijyb for 6 turns
   620 | D:2      | Paralysed by Ijyb for 5 turns
   626 | D:2      | Killed Ijyb
   626 | D:2      | Reached XP level 4. HP: 30/41 MP: 3/3
   753 | D:2      | Reached skill level 5 in Armour
   839 | D:2      | Reached skill level 1 in Dodging
   954 | D:2      | Noticed Natasha
   962 | D:2      | Killed Natasha
  1081 | D:3      | Reached XP level 5. HP: 47/47 MP: 4/4
  1405 | D:4      | Noticed a phantom
  1427 | D:4      | Killed a phantom
  1427 | D:4      | Reached skill level 5 in Fighting
  1427 | D:4      | Reached skill level 4 in Axes
  1441 | D:4      | Noticed an ogre
  1448 | D:4      | Killed an ogre
  1448 | D:4      | Reached XP level 6. HP: 40/56 MP: 5/5
  1785 | D:4      | Reached skill level 5 in Axes
  2321 | D:5      | Entered Level 5 of the Dungeon
  2360 | D:5      | Reached XP level 7. HP: 43/62 MP: 6/6
  2654 | D:5      | Reached skill level 6 in Axes
  2708 | D:5      | Found an ancient bone altar of Kikubaaqudgha.
  3421 | D:6      | Reached XP level 8. HP: 44/71 MP: 7/7
  3437 | D:6      | Found a staircase to the Ecumenical Temple.
  3443 | D:6      | Reached skill level 7 in Axes
  3451 | Temple   | Entered the Ecumenical Temple
  3558 | Temple   | Became a worshipper of Warmaster Okawaru
  4288 | D:7      | Reached skill level 8 in Axes
  4367 | D:7      | Reached * piety under Okawaru
  4508 | D:7      | Reached skill level 9 in Axes
  4508 | D:7      | Reached XP level 9. HP: 60/81 MP: 8/8
  4624 | D:7      | Noticed Crazy Yiuf
  4627 | D:7      | Killed Crazy Yiuf
  4800 | D:7      | Noticed Pikel
  4821 | D:7      | Killed Pikel
  4821 | D:7      | Reached ** piety under Okawaru
  4894 | D:7      | Reached skill level 10 in Axes
  5039 | D:8      | Noticed Erolcha
  5053 | D:8      | Slain by Erolcha

Vault maps used:
D:1:      mushboom_english_gardens, minmay_box_of_dots
D:2:      uniq_robin, uniq_natasha, uniq_iyjb
D:4:      corexii_shack_village, first_bread, kennysheep_small_circle
D:5:      basic_altar, small_statue_intersection, minmay_misc_feat_plants
D:6:      minmay_temple_entry_grid
D:7:      kennysheep_nub, uniq_pikel, uniq_crazy_yiuf_cottage
D:8:      grunt_temple_overflow_open, moated_statue,
          hangedman_little_slice_of_home, minmay_evil_grid, uniq_maurice,
          uniq_grum, uniq_erolcha
Temple:   kilobyte_greek_temple_18

Skill      XL: |  1  2  3  4  5  6  7  8  9 |
---------------+----------------------------+-----
Armour         | 4 5 6 7 8 9 |  9.0
Fighting       | 4 5 6 7 9 |  9.1
Axes           | 3 4 5 6 9 10 | 10.2
Dodging        | 1 2 |  2.8
Stealth        | |  0.5
Shields        | |  3.6

Action                   |  1- 3 |  4- 6 |  7- 9 || total
-------------------------+-------+-------+-------++-------
Melee: War axe           |    99 |   153 |    94 ||   346
       Battleaxe         |       |       |   114 ||   114
Throw: Javelin           |       |     2 |       ||     2
  Use: Scroll            |       |     3 |     2 ||     5
  Eat: Chunk             |       |     5 |     8 ||    13
